 Dungeon Sprint DCSS version 0.26-a0-660-gc07710193c (webtiles) character file.

Game seed: 1995256914959817521

307 rocky1 the Arsonist (level 6, -3/36 HPs)
             Began as a Deep Elf Fire Elementalist on Oct 8, 2020.
             Was a High Priest of Sif Muna.
             Killed from afar by an orc wizard (10 damage)
             ... with a puff of flame
             ... in the Dungeon (Sprint VII: "The Pits").
             The game lasted 00:10:47 (907 turns).

rocky1 the Arsonist (Deep Elf Fire Elementalist)     Turns: 907, Time: 00:10:48

Health: -3/36      AC:  2    Str:  5    XL:     6   Next: 16%
Magic:  9/15       EV: 15    Int: 22    God:    Sif Muna [*****.]
Gold:   0          SH:  0    Dex: 15    Spells: 7/15 levels left

rFire    . . .     SeeInvis .   m - +1 quarterstaff (speed)
rCold    . . .     Faith    .   (shield currently unavailable)
rNeg     . . .     Spirit   .   a - +0 robe
rPois    .         Reflect  .   (no helmet)
rElec    .         Harm     .   (no cloak)
rCorr    .         Rampage  .   (no gloves)
MR       .....     NoTele   +   (no boots)
Stlth    ++........             (no amulet)
HPRegen  0.12/turn              (no ring)
MPRegen  0.14/turn              (no ring)

@: berserk cooldown, slowed, very slow
A: no striking features
a: Channel Magic, Forget Spell, Divine Exegesis, Renounce Religion


You were in the Dungeon.
You worshipped Sif Muna.
Sif Muna was extremely pleased with you.
You visited 1 branch

Inventory:

Hand Weapons
 m - a +1 quarterstaff of speed (weapon)
Armour
 a - a +0 robe (worn)
Scrolls
 i - 3 scrolls of remove curse
 j - 5 scrolls of amnesia
 k - a scroll of summoning
Potions
 b - 2 potions of invisibility
 c - 3 potions of curing
 d - 2 potions of heal wounds
 e - a potion of haste
 f - 4 potions of magic


   Skills:
 + Level 2.4 Fighting
 + Level 4.6 Dodging
 - Level 2.4 Stealth
 + Level 5.2 Spellcasting
 + Level 3.9 Conjurations
 + Level 11.8 Fire Magic
 + Level 3.4 Invocations


You had 7 spell levels left.
You knew the following spells:

 Your Spells              Type           Power        Failure   Level
a - Foxfire               Conj/Fire      ####         1%          1
b - Conjure Flame         Conj/Fire      #####...     1%          3
c - Sticky Flame          Conj/Fire      #####...     4%          4

Your spell library contained the following spells:

 Spells                   Type           Power        Failure   Level
 Inner Flame              Hex/Fire       ####....     2%          3
 Fireball                 Conj/Fire      #####.....   11%         5
 Static Discharge         Conj/Air       ##......     13%         3
 Ensorcelled Hibernation  Hex/Ice        #.....       16%         2
 Ozocubu's Armour         Ice            #.......     30%         3
 Silence                  Hex/Air        #.........   95%         5
 Ozocubu's Refrigeration  Ice            #.........   100%        6


Dungeon Overview and Level Annotations

Branches:
Dungeon (1/1)

Altars:
Ashenzari
Cheibriados
Dithmenos
Elyvilon
Fedhas
Gozag
Hepliaklqana
Kikubaaqudgha
Makhleb
Nemelex Xobeh
Okawaru
Qazlal
Ru
Sif Muna
Trog
Uskayaw
Vehumet
Wu Jian
Xom
Yredelemnul
Zin
The Shining One
Beogh
Jiyva
Lugonu


Message History

The orc wizard shouts!
The orc hits you with a +0 mace!
* * * LOW HITPOINT WARNING * * *
Items here: ))) [[[ ††.
You hit the orc.
The orc is heavily wounded.
The orc wizard gestures at you while chanting.
The puff of flame hits you!
* * * LOW HITPOINT WARNING * * *
You hit the orc.
You kill the orc!
Sif Muna accepts your kill.
You feel a strong urge to attack something.
You are no longer berserk.
You are exhausted.
You feel yourself slow down.
You feel better.
The orc wizard gestures at you while chanting.
The puff of flame hits you!
You die...

###########
_________.#
_________.#
_______...##########
##########'##........
#.?(.')))'.##......#.
##########.##........
#)).@......))........
#o#####'#####......#.
#.#.....#[[##........
#o#.....#))#####'####
#.###'###))##.......#
#.#.....#))##.......#
#)#.....#..##.......#
#)####†##'###...<...#
#o#...†....##.......#


You could see an orc wizard.

Vanquished Creatures
  A water moccasin (D)
  3 orc priests (D)
  2 orc wizards (D)
  A worker ant (D)
  A white imp (D)
  An ufetubus (D)
  2 leopard geckos (D)
  6 orcs (D)
  A giant cockroach (D)
  7 jackals (D)
  A kobold (D)
  A ball python skeleton (D)
  A frilled lizard (D)
28 creatures vanquished.

Vanquished Creatures (others)
  24 foxfires (D)
24 creatures vanquished.

Grand Total: 52 creatures vanquished

Notes
Turn   | Place    | Note
-------+----------+-------------------------------------------
     0 | D        | rocky1 the Deep Elf Fire Elementalist began the quest for
                  | the Orb.
     0 | D        | Reached XP level 1. HP: 10/10 MP: 6/6
    15 | D        | Reached skill level 4 in Fire Magic
    21 | D        | Found a bloodstained altar of Trog.
    21 | D        | Found a shimmering blue altar of Sif Muna.
    21 | D        | Found a viscous altar of Jiyva.
    21 | D        | Found a hazy altar of Hepliaklqana.
    21 | D        | Found an opulent altar of Gozag.
    22 | D        | Found a glowing golden altar of the Shining One.
    22 | D        | Found a glowing silver altar of Zin.
    22 | D        | Found a basalt altar of Yredelemnul.
    22 | D        | Found a shimmering altar of Xom.
    22 | D        | Found an ornate altar of the Wu Jian Council.
    22 | D        | Found a sacrificial altar of Ru.
    22 | D        | Found a stormy altar of Qazlal.
    22 | D        | Found an iron altar of Okawaru.
    22 | D        | Found a sparkling altar of Nemelex Xobeh.
    22 | D        | Found a burning altar of Makhleb.
    22 | D        | Found a blossoming altar of Fedhas.
    22 | D        | Found a white marble altar of Elyvilon.
    22 | D        | Found a shadowy altar of Dithmenos.
    22 | D        | Found a snail-covered altar of Cheibriados.
    25 | D        | Found a corrupted altar of Lugonu.
    25 | D        | Found a radiant altar of Vehumet.
    25 | D        | Found a roughly hewn altar of Beogh.
    26 | D        | Found an ancient bone altar of Kikubaaqudgha.
    26 | D        | Found a hide-covered altar of Uskayaw.
    26 | D        | Found a broken altar of Ashenzari.
    27 | D        | Became a worshipper of Sif Muna the Loreminder
    75 | D        | Reached skill level 5 in Fire Magic
   340 | D        | Reached * piety under Sif Muna
   340 | D        | Reached XP level 2. HP: 15/15 MP: 6/8
   474 | D        | Noticed a water moccasin
   482 | D        | Killed a water moccasin
   482 | D        | Reached skill level 10 in Fire Magic
   482 | D        | Reached XP level 3. HP: 18/19 MP: 6/9
   482 | D        | Reached XP level 4. HP: 23/24 MP: 6/10
   489 | D        | Reached skill level 11 in Fire Magic
   489 | D        | Reached XP level 5. HP: 27/28 MP: 7/11
   595 | D        | Reached ** piety under Sif Muna
   660 | D        | Reached skill level 1 in Fighting
   660 | D        | Reached skill level 1 in Invocations
   676 | D        | Reached *** piety under Sif Muna
   725 | D        | Learned a level 3 spell: Conjure Flame
   730 | D        | Learned a level 4 spell: Sticky Flame
   786 | D        | Reached **** piety under Sif Muna
   872 | D        | Reached ***** piety under Sif Muna
   885 | D        | Identified Sif Muna's Disquisition on Congealing Flight
                  | (Sif Muna gifted it to you in the Dungeon)
   885 | D        | Received a gift from Sif Muna
   885 | D        | Reached XP level 6. HP: 17/35 MP: 10/15
   899 | D        | Reached skill level 5 in Spellcasting
   907 | D        | Killed from afar by an orc wizard

Illustrated notes

Levels and vault maps discovered:
D:        pitsprint [storerooms_1, entrance_room_1, metal_vault_1, armoury_2,
          mini_pit_1, grid_room_1, main_hall_1, silver_pit, the_coven_3,
          the_vestibule_1, steel_vault_3, golden_pit, hallway_of_sentries,
          crystal_vault_5, iron_vault_4, final_vault]

Skill      XL: |  1  2  3  4  5  6 |
---------------+-------------------+-----
Fire Magic     | 5 10 11 | 11.8
Fighting       | 2 |  2.4
Dodging        | 4 |  4.6
Conjurations   | 3 |  3.9
Invocations    | 3 |  3.4
Spellcasting   | 4 5 |  5.2
Stealth        | |  2.4

Action                   |  1- 3 |  4- 6 || total
-------------------------+-------+-------++-------
Melee: Quarterstaff      |     5 |    62 ||    67
 Cast: Foxfire           |     9 |     6 ||    15
       Sticky Flame      |       |     2 ||     2
Invok: Channel Magic     |       |     1 ||     1
  Use: Potion            |     2 |     8 ||    10
       Scroll            |       |     1 ||     1
Armor: Robe              |     1 |     8 ||     9
Dodge: Dodged            |    12 |    36 ||    48

Table legend: (Time is in decaauts)
 A = Elapsed time spent in this place.
 B = Non-inter-level travel time spent in this place.
 C = Inter-level travel time spent in this place.
 D = Time resting spent in this place.
 E = Time spent auto-exploring this place.
 F = Levels seen in this place.
 G = Mean time per level.
                   A        B        C        D        E       F      G
               +--------+--------+--------+--------+--------+-----+--------+
         Total |    915 |    915 |      0 |    554 |      0 |   1 |  915.0 |
       Dungeon |    915 |    915 |      0 |    554 |      0 |   1 |  915.0 |
               +--------+--------+--------+--------+--------+-----+--------+

Top non-repeatable levels by time:
       D: 915 daAuts
